Map: Cactus Valley LE

Players

DrennoC - Winner!

  • Race: Terran Terran
  • Spawn Location: 5:00

atkvic

  • Race: Terran Terran
  • Spawn Location: 1:00

VOD

Have the link to the VOD?

Description

Time

  • Played on: April 3, 2015, 2:28 p.m.
  • Length: 5:54
Show
View Real Time Build Order
Export as new Build Order

DrennoC Terran - Winner!

Build Orders:  

Get SALT Encoding   

  12  0:00  SCV  
  13  0:13  SCV  
  14  0:25  SCV  
  14  0:27  Supply Depot  
  15  0:47  Refinery  
  15  0:48  SCV  
  16  0:52  Barracks  
  16  1:01  SCV  
  17  1:13  SCV  
  18  1:32  Command Center  
  18  1:42  Marine  
  19  1:52  Supply Depot  
  20  1:55  Orbital Command  
  19  2:06  Factory  
  19  2:09  Marine  
  20  2:21  Bunker  
  20  2:22  SCV  
  21  2:27  Barracks Reactor  
  21  2:34  SCV  
  22  2:45  Supply Depot  
  22  2:46  SCV  
  22  2:47  Orbital Command  
  23  2:58  SCV  
  23  3:04  Refinery  
  24  3:10  SCV  
  27  3:12  Hellion  
  27  3:13  Barracks  
  27  3:17  SCV  
  28  3:20  Engineering Bay  
  28  3:23  SCV  
  28  3:26  Hellion  
  30  3:30  SCV  
  30  3:31  Marine  
  32  3:36  Hellion  
  34  3:43  Supply Depot  
  34  3:45  SCV x2  
  34  3:47  Hellion  
  38  3:55  Marine  
  38  3:57  Terran Infantry Weapons Level 1  
  38  4:02  Hellion  
  41  4:03  SCV  
  41  4:04  SCV  
  41  4:09  Supply Depot  
  43  4:13  Marine  
  43  4:15  SCV, Starport  
  45  4:18  SCV  
  46  4:27  SCV  
  47  4:35  Marine  
  48  4:50  Barracks  
  44  4:53  Marine  
  44  4:59  SCV x2  
  45  5:03  Starport Reactor  
  45  5:15  SCV  
  45  5:16  SCV  
  45  5:20  Supply Depot  
  47  5:23  Engineering Bay  
  47  5:25  Barracks Tech Lab  
  45  5:32  Barracks  
  45  5:33  Barracks  
  47  5:36  SCV x2  
  47  5:38  Barracks  
  47  5:40  Refinery  
  47  5:42  Barracks Tech Lab  
  50  5:50  Missile Turret  
  50  5:53  Command Center  
Show
View Real Time Build Order
Export as new Build Order

atkvic Terran 

Build Orders:  

Get SALT Encoding   

  12  0:01  SCV  
  13  0:13  SCV  
  14  0:20  Supply Depot  
  14  0:26  SCV  
  15  0:34  Refinery  
  15  0:42  SCV  
  16  0:46  Barracks  
  16  0:56  SCV  
  17  1:08  SCV  
  18  1:17  Refinery  
  18  1:20  SCV  
  19  1:31  Supply Depot  
  19  1:34  SCV  
  19  1:35  Marine  
  21  1:40  Factory  
  21  1:46  SCV  
  22  2:12  Orbital Command  
  22  2:23  Armory  
  22  2:31  Supply Depot  
  22  2:37  SCV  
  22  2:38  Factory Tech Lab  
  23  2:45  Reaper  
  23  2:49  SCV  
  25  3:02  Command Center  
  25  3:10  Unknown  
  25  3:29  Cyclone  
  25  3:33  SCV  
  29  3:45  SCV  
  29  3:46  Factory  
  29  3:48  Barracks Tech Lab  
  30  3:57  SCV  
  31  4:07  Supply Depot, Cyclone  
  31  4:08  Supply Depot  
  31  4:09  SCV  
  35  4:15  Orbital Command  
  35  4:26  Refinery  
  32  4:57  Cyclone  
  32  4:58  Orbital Command  
  35  5:12  SCV  
  36  5:15  Cyclone  
  36  5:18  Marine  
  36  5:21  Refinery  
  40  5:23  Supply Depot  
  40  5:24  SCV  
  41  5:36  SCV  
  41  5:40  SCV  
Tags
 
Matchup
TvT
Player
DrennoC
Race
Terran
Spawn Locations
Close Positions
Add a new tag
Caveats
  • Supply blocks, unpowered buildings, or Contaminate may cause inaccurate times.
  • Supply counts are checked every 10 seconds.